AoeStats
← Nopec

Highland

506603431Analyzed
4v4 RM · 19d ago on Sep 14, 2026· 35m 39s· 8 players
Game mode
Random Map
Map size
Large (8 player)
Population
200
Speed
Normal
Resources
Standard
Victory
Conquest
Starting age
Dark Age
Ending age
Imperial Age
RankedLock teamsTeams togetherTeam positionsShared explorationLock speedFull tech treeHidden civsTurbo modeCheats
Victory
Defeat
🇪🇨 Dravidians · Ecuador
954
+14
🇲🇽 Vikings · Mexico
935
+15
🇮🇳 Celts · India
929
+15
🇬🇧 Persians · United Kingdom
898
+16
🇨🇳 Mongols · China
1073
-21
🇨🇳 Franks · China
950
-17
🇩🇪 Cumans · Germany
812
-11
🇫🇷 Romans · France
803
-11
Lordcreos
5:52 Loom
11:48 Feudal Age
14:56 Fishing Lines
19:51 Castle Age
18:36 Double-Bit Axe
22:58 Gillnets
23:21 Medium Warships
25:53 Wheelbarrow
28:23 Hand Cart
30:47 Fletching
30:58 Padded Archer Armor
34:08 Imperial Age
33:05 Ballistics
Columbus
10:03 Loom
12:06 Feudal Age
16:45 Castle Age
17:38 Crossbowman
22:46 Fletching
SgtNinja
6:00 Loom
10:53 Feudal Age
16:54 Castle Age
21:47 Horse Collar
28:49 Imperial Age
27:10 Scale Mail Armor
27:21 Forging
27:48 Man-at-Arms
28:55 Chain Mail Armor
28:37 Double-Bit Axe
28:34 Long Swordsman
29:01 Arson
29:26 Two-Handed Swordsman
29:29 Capped Ram
30:54 Wheelbarrow
30:56 Plate Mail Armor
31:32 Champion
K
11:31 Feudal Age
14:57 Castle Age
12:57 Double-Bit Axe
16:30 Horse Collar
18:03 Loom
24:04 Wheelbarrow
24:05 Bow Saw
25:25 Hand Cart
25:12 Heavy Plow
26:03 Gold Mining
26:08 Stone Mining
27:18 Bloodlines
27:25 Forging
30:56 Imperial Age
28:11 Town Watch
29:07 Gold Shaft Mining
29:47 Stone Shaft Mining
29:49 Husbandry
30:28 Iron Casting
29:58 Scale Barding Armor
31:36 Conscription
30:45 Elite War Elephant
32:58 Blast Furnace
32:18 Chain Barding Armor
32:38 Crop Rotation
34:30 Two-Man Saw
Nopec
10:30 Loom
12:41 Feudal Age
13:42 Man-at-Arms
14:08 Arson
16:04 Horse Collar
22:12 Wheelbarrow
24:23 Fletching
24:33 Padded Archer Armor
29:15 Castle Age
27:49 Town Watch
29:04 Bloodlines
29:04 Scale Barding Armor
29:09 Forging
29:09 Stone Mining
29:12 Gold Mining
29:41 Capped Ram
30:24 Bodkin Arrow
34:12 Heavy Plow
33:59 Double-Bit Axe
Dykiris
11:23 Feudal Age
14:33 Wheelbarrow
13:43 Town Watch
13:43 Horse Collar
13:49 Double-Bit Axe
20:44 Forging
20:35 Padded Archer Armor
20:35 Scale Mail Armor
20:40 Scale Barding Armor
20:49 Stone Mining
20:51 Gold Mining
24:31 Castle Age
25:15 Forging
25:06 Scale Mail Armor
25:06 Padded Archer Armor
24:57 Fletching
25:13 Scale Barding Armor
27:05 Hand Cart
28:53 Town Patrol
31:39 Heavy Plow
31:51 Bow Saw
33:30 Man-at-Arms
小离爱吃糖
11:48 Feudal Age
16:18 Castle Age
15:01 Double-Bit Axe
17:36 Horse Collar
18:03 Stone Mining
21:04 Gold Mining
23:13 Heavy Plow
27:49 Imperial Age
26:07 Bow Saw
26:02 Fletching
27:30 Gold Shaft Mining
26:55 Loom
28:30 Bloodlines
28:23 Husbandry
28:36 Murder Holes
30:45 Stone Shaft Mining
31:20 Ballistics
31:13 Bodkin Arrow
31:20 Padded Archer Armor
31:53 Parthian Tactics
32:58 Wheelbarrow
33:08 Drill
33:10 Conscription
34:22 Chemistry
33:34 Masonry
34:45 Leather Archer Armor
1347398690
11:19 Feudal Age
15:06 Wheelbarrow
19:02 Castle Age
17:23 Double-Bit Axe
19:13 Scale Barding Armor
19:18 Forging
28:53 Bow Saw
36:19 Imperial Age
34:17 Chain Barding Armor
34:32 Iron Casting
Connection lost

Rejoining the realm…

Still unreachable

The connection could not be restored.

Session expired

The server has moved on; the page needs a fresh start.